 Dungeon Crawl Stone Soup version 0.30-a0-782-ge64f9170bb (webtiles) character file.

Game seed: 14589355947016017669

2820 Crownlay the Grappler (level 9, 0/89 HPs)
             Began as a Troll Fighter on Mar 8, 2023.
             Was a Believer of Wu Jian.
             Slain by a killer bee (2 damage)
             ... on level 7 of the Dungeon.
             The game lasted 00:10:40 (5669 turns).

Crownlay the Grappler (Troll Fighter)               Turns: 5669, Time: 00:10:41

Health: 0/89       AC:  7    Str: 32    XL:     9   Next: 45%
Magic:  8/8        EV:  8    Int:  8    God:    Wu Jian [**....]
Gold:   317        SH:  9    Dex:  9    Spells: 8/8 levels left

rFire   . . .      SeeInvis +      - Unarmed
rCold   . . .      Faith    .    b - +0 kite shield
rNeg    + . .      Spirit   .    J - +2 robe {rN+}
rPois   .          Reflect  .    (helmet restricted)
rElec   .          Harm     .    k - +0 cloak
rCorr   .          Rampage  .    (gloves unavailable)
Will    .....                    (boots unavailable)
Stlth   +                        D - amulet of the acrobat
HPRegen 1.14/turn                A - ring of see invisible
MPRegen 0.11/turn                E - +6 ring of strength

@: about to teleport, flying
A: large, unfitting armour, claws 3, regeneration 1, shaggy fur 1, tough skin 1
a: Renounce Religion, Wall Jump


You were on level 7 of the Dungeon.
You worshipped Wu Jian.
Wu Jian was pleased with you.
You visited 2 branches of the dungeon, and saw 9 of its levels.

You collected 317 gold pieces.

Inventory:

Missiles
 r - 11 javelins (quivered)
 C - a curare-tipped dart
Armour
 b - a +0 kite shield (worn)
 k - a +0 cloak (worn)
 n - a +0 tower shield
 J - a +2 robe of positive energy (worn)
Jewellery
 a - a ring of poison resistance
 A - a ring of see invisible (left claw)
 D - an amulet of the acrobat (around neck)
 E - a +6 ring of strength (right claw)
 F - a ring of magical power
Wands
 s - a wand of flame (28)
 t - a wand of digging (8)
 u - a wand of iceblast (10)
 H - a wand of quicksilver (17)
Scrolls
 d - 2 scrolls of poison
 e - a scroll of fog {unknown}
 f - 2 scrolls of vulnerability
 g - 3 scrolls of teleportation
 h - a scroll of blinking {unknown}
 j - 3 scrolls of identify
 p - a scroll of summoning {unknown}
 v - a scroll of magic mapping {unknown}
 w - 5 scrolls of immolation
 x - 2 scrolls of amnesia {unknown}
 y - a scroll of silence {unknown}
 B - a scroll of fear {unknown}
 G - a scroll of enchant armour {unknown}
Potions
 c - 2 potions of might
 l - a potion of lignification {unknown}
 m - a potion of ambrosia {unknown}
 o - a potion of brilliance {unknown}
 q - a potion of flight
 z - a potion of attraction {unknown}
 I - a potion of berserk rage {unknown}


   Skills:
 + Level 6.0 Fighting
 + Level 2.4 Dodging
 + Level 6.5 Shields
 * Level 9.5 Unarmed Combat


You had 8 spell levels left.
You didn't know any spells.
Your spell library contained the following spells:

 Spells                   Type           Power      Damage    Failure   Level
 Beastly Appendage        Tmut           0%         N/A       67%         1
 Scorch                   Fire           0%         2d5       80%         2
 Wereblood                Tmut           0%         N/A       80%         2
 Spider Form              Tmut/Pois      0%         N/A       95%         3
 Flame Wave               Conj/Fire      0%         2d4       100%        4
 Passage of Golubria      Tloc           0%         N/A       100%        4
 Silence                  Hex/Air        0%         N/A       100%        5
 Summon Cactus Giant      Summ           0%         N/A       100%        6
 Lehudib's Crystal Spear  Conj/Erth      0%         10d2      100%        8


Dungeon Overview and Level Annotations

Branches:
Dungeon (8/15)             Temple (1/1) D:5
   Lair: D:8-11

Altars:
Dithmenos
Fedhas
Gozag
Hepliaklqana
Kikubaaqudgha
Makhleb
Nemelex Xobeh
Okawaru
Qazlal
Ru
Sif Muna
Trog
Uskayaw
Vehumet
Wu Jian
Xom
Yredelemnul
Zin
The Shining One

Annotations:
D:7 3 runed translucent doors, AppleFox63's ghost, novice DEIE
D:8 Maurice


Innate Abilities, Weirdness & Mutations

You are too large for most types of armour.
You have claws for hands.
Your natural rate of healing is unusually fast.
You are covered in fur. (AC +1)
You have tough skin. (AC +1)


Message History

You are poisoned.
The killer bee poisons you!
The killer bee stings you but does no damage.
You block the killer bee's attack. The killer bee stings you.
The killer bee stings you but does no damage.
The killer bee stings you.
You are more poisoned.
The killer bee poisons you!
As you read the scroll of teleportation, it crumbles to dust.
You feel strangely unstable.
You feel very sick. The killer bee barely misses you.
The killer bee stings you.
* * * LOW HITPOINT WARNING * * *
The killer bee stings you.
* * * LOW HITPOINT WARNING * * *
You are more poisoned.
The killer bee poisons you! The killer bee stings you.
* * * LOW HITPOINT WARNING * * *
The killer bee stings you.
* * * LOW HITPOINT WARNING * * *
The killer bee stings you.
* * * LOW HITPOINT WARNING * * *
The killer bee closely misses you. The killer bee stings you.
* * * LOW HITPOINT WARNING * * *
You are more poisoned.
The killer bee poisons you!
You feel better. The killer bee stings you.
* * * LOW HITPOINT WARNING * * *
You block the killer bee's attack. x2; The killer bee barely misses you.
The killer bee stings you but does no damage.
The killer bee stings you.
* * * LOW HITPOINT WARNING * * *
You block the killer bee's attack. The killer bee stings you.
* * * LOW HITPOINT WARNING * * *
It was a potion of flight.
You feel very buoyant.
You fly up into the air.
You block the killer bee's attack. x2
The killer bee stings you but does no damage. x2
The killer bee stings you.
You die...

...))## ##...............##
..##.)## #....########.....##
..##)).###....# ##..#....###
.........#...#######..####....###
.................##...# ###....#
.....................## ###...
...######............## ##.. ..##
#.............# ##. .##
#......y@y.<..## ##.. .#
#.......yy.#...## ###... ##
#........).##...# ##...## ##
#.......#.####..###..### .#
#..)...#..# ##....### .##
#.....##.## ##.###
#.#######....###.# #.#
#.##........###.## #.#
############# ### ###


You could see 4 killer bees.

Vanquished Creatures
  A hornet (D:7)
  A slime creature (D:6)
  Menkaure (D:7)
  Duvessa (D:7)
  A sky beast (D:7)
  3 black bears
  An ogre (D:7)
  A phantom (D:5)
  5 kobold brigands
  A necrophage (D:6)
  A gnoll sergeant (D:5)
  3 scorpions
  Dowan (D:7)
  3 killer bees (D:7)
  2 howler monkeys
  5 hounds
  7 jellies (D:6)
  A gnoll bouda (D:7)
  An iguana (D:5)
  3 orc wizards
  12 gnolls
  7 adders
  2 white imps
  4 worms
  3 dart slugs
  16 orcs
  4 bats
  13 endoplasms
  5 giant cockroaches
  5 goblins
  9 hobgoblins
  4 jackals (D:1)
  23 kobolds
  2 quokkas
  9 ball pythons
  2 frilled lizards
  9 rats
172 creatures vanquished.

Vanquished Creatures (others)
  2 fungi (D:6)
  9 toadstools (D:6)
11 creatures vanquished.

Grand Total: 183 creatures vanquished

Notes
Turn   | Place    | Note
-------+----------+-------------------------------------------
     0 | D:1      | Crownlay the Troll Fighter began the quest for the Orb.
     0 | D:1      | Reached XP level 1. HP: 22/22 MP: 0/0
   229 | D:1      | Reached XP level 2. HP: 29/29 MP: 1/1
   766 | D:1      | You fall into a shaft and drop 1 floor!
   833 | D:1      | Reached XP level 3. HP: 36/36 MP: 2/2
  1121 | D:2      | Reached skill level 3 in Unarmed Combat
  1529 | D:2      | Reached XP level 4. HP: 37/44 MP: 3/3
  1684 | D:3      | Noticed a black bear
  1713 | D:3      | Found a burning altar of Makhleb.
  1743 | D:3      | Reached skill level 4 in Unarmed Combat
  1743 | D:3      | Reached XP level 5. HP: 53/53 MP: 4/4
  1756 | D:3      | Found a shimmering blue altar of Sif Muna.
  1833 | D:3      | Found a blossoming altar of Fedhas.
  1961 | D:3      | Found a radiant altar of Vehumet.
  1985 | D:3      | Killed a black bear
  2203 | D:3      | Reached XP level 6. HP: 61/61 MP: 5/5
  2531 | D:4      | Found an ancient bone altar of Kikubaaqudgha.
  2576 | D:4      | Found a glowing silver altar of Zin.
  2730 | D:5      | Entered Level 5 of the Dungeon
  2762 | D:5      | Reached skill level 5 in Unarmed Combat
  2913 | D:5      | Reached XP level 7. HP: 54/68 MP: 6/6
  2962 | D:5      | Found a hide-covered altar of Uskayaw.
  3066 | D:5      | Reached skill level 6 in Unarmed Combat
  3136 | D:5      | Found a shimmering altar of Xom.
  3136 | D:5      | Found an opulent altar of Gozag.
  3203 | D:5      | Found a staircase to the Ecumenical Temple.
  3209 | Temple   | Entered the Ecumenical Temple
  3223 | Temple   | Became a worshipper of the Wu Jian Council
  3307 | D:5      | Found a sacrificial altar of Ru.
  3495 | D:6      | Noticed a moth of wrath
  3499 | D:6      | Found a bloodstained altar of Trog.
  3675 | D:6      | Reached skill level 5 in Shields
  3675 | D:6      | Reached XP level 8. HP: 78/79 MP: 7/7
  3687 | D:6      | Reached skill level 7 in Unarmed Combat
  3734 | D:6      | Reached * piety under Wu Jian
  3766 | D:6      | Noticed a slime creature
  3774 | D:6      | Killed a slime creature
  3775 | D:6      | Reached skill level 5 in Fighting
  3779 | D:6      | Reached skill level 8 in Unarmed Combat
  4192 | D:7      | Noticed a hornet
  4212 | D:7      | Noticed Menkaure
  4217 | D:7      | Killed Menkaure
  4290 | D:7      | Reached XP level 9. HP: 35/88 MP: 8/8
  4386 | D:7      | Found a runed translucent gate.
  4386 | D:7      | Found a runed translucent gate.
  4386 | D:7      | Noticed AppleFox63's ghost (novice DEIE)
  4387 | D:7      | Found a runed translucent gate.
  4412 | D:7      | Noticed a kobold demonologist
  4514 | D:7      | Reached ** piety under Wu Jian
  4627 | D:7      | Reached skill level 9 in Unarmed Combat
  4865 | D:7      | Noticed Dowan
  4866 | D:7      | Noticed Duvessa
  4875 | D:7      | Killed Dowan
  4910 | D:7      | Killed Duvessa
  5210 | D:7      | Paralysed by a hornet for 1 turns
  5645 | D:8      | Noticed Maurice
  5667 | D:7      | HP: 3/89 [killer bee (6)]
  5668 | D:7      | HP: 1/89 [killer bee (5)]
  5669 | D:7      | Slain by a killer bee

Illustrated notes

Levels and vault maps discovered:
D:1:      dpeg_arrival_chambers_temple_mockup, layout_loops_corners
D:2:      minmay_diamond_boxcup, layout_basic
D:3:      layout_basic, fedhas_ov_isle_minmay, vehumet_altar_wand_db,
          mainiacjoe_overflow_alcove_1, mainiacjoe_overflow_six_doors_small
D:4:      layout_basic, mainiacjoe_overflow_boulevard, lemuel_crystal_altar
D:5:      layout_cave_pools, lemuel_crystal_altar,
          gammafunk_temple_overflow_statue, marbit_many_paths, temple_green,
          eino_small_chamber_without_monster
D:6:      cheibrodos_fertilizer, layout_rooms, tgw_trog,
          chequers_serial_rivers_large_b, hangedman_decor_push
D:7:      layout_layer_cave, gammafunk_ghost_split, minmay_misc_feat_square,
          nrook_mini_backslash, uniq_menkaure, uniq_duvessa
D:8:      minmay_bloctagon, layout_cave_pods, elyvilon_altar_1,
          evilmike_ruin_ashenzari, uniq_maurice
Temple:   hellmonk_temple_rainy

Skill      XL: |  1  2  3  4  5  6  7  8  9 |
---------------+----------------------------+-----
Shields        | 3 4 5 6 |  6.5
Unarmed Combat | 3 4 5 6 8 9 |  9.5
Fighting       | 3 4 5 6 |  6.0
Dodging        | |  2.4

Action                     |  1- 3 |  4- 6 |  7- 9 || total
---------------------------+-------+-------+-------++-------
  Melee: Unarmed           |   131 |   160 |   196 ||   487
  Throw: Dart              |       |       |     1 ||     1
         Javelin           |       |       |     1 ||     1
Ability: Lunge             |       |       |    16 ||    16
         Whirlwind         |       |       |     4 ||     4
  Evoke: Wand              |       |       |     2 ||     2
    Use: Scroll            |       |     3 |     2 ||     5
         Potion            |       |       |     3 ||     3
   Stab: Sleeping          |     2 |       |     1 ||     3
 Armour: Robe              |    61 |    44 |    44 ||   149
  Dodge: Dodged            |    48 |    48 |    76 ||   172
  Block: Kite shield       |    44 |    64 |   101 ||   209

Table legend: (Time is in decaauts)
 A = Elapsed time spent in this place.
 B = Non-inter-level travel time spent in this place.
 C = Inter-level travel time spent in this place.
 D = Time resting spent in this place.
 E = Time spent auto-exploring this place.
 F = Levels seen in this place.
 G = Mean time per level.
                   A        B        C        D        E       F      G
               +--------+--------+--------+--------+--------+-----+--------+
         Total |   5688 |   5465 |    223 |      0 |   4253 |   9 |  632.0 |
       Dungeon |   5661 |   5449 |    212 |      0 |   4244 |   8 |  707.6 |
        Temple |     26 |     15 |     11 |      0 |      9 |   1 |   26.0 |
               +--------+--------+--------+--------+--------+-----+--------+

Top non-repeatable levels by time:
     D:7: 1458 daAuts
     D:1: 1032 daAuts
     D:6: 767 daAuts
     D:3: 664 daAuts
     D:2: 638 daAuts
     D:5: 635 daAuts
     D:4: 414 daAuts
     D:8: 50 daAuts
  Temple: 26 daAuts
